 Dungeon Crawl Stone Soup version 0.21-a0-517-gd76cfe0 (webtiles) character file.

11 slep the Vexing (level 2, 0/24 HPs)
             Began as an Ogre Enchanter on Dec 4, 2017.
             Slain by a hobgoblin (3 damage)
             ... on level 1 of the Dungeon.
             The game lasted 00:01:38 (492 turns).

slep the Vexing (Ogre Enchanter)                     Turns: 492, Time: 00:01:39

Health: 0/24       AC:  3    Str: 11    XL:     2   Next: 25%
Magic:  5/5        EV: 10    Int: 16    God:
Gold:   5          SH:  0    Dex:  9    Spells: 5/6 levels left

rFire    . . .     SeeInvis .   e - +0 mace
rCold    . . .     Gourm    .   (no shield)
rNeg     . . .     Faith    .   b - +0 robe
rPois    .         Spirit   .   (helmet restricted)
rElec    .         Reflect  .   (no cloak)
rCorr    .         Harm     .   (gloves unavailable)
MR       .....                  (boots unavailable)
Stlth    ++........             (no amulet)
HPRegen  0.08/turn              (no ring)
MPRegen  0.09/turn              (no ring)

@: no status effects
A: large, unfitting armour, tough skin 1
a: no special abilities


You were on level 1 of the Dungeon.
You were not hungry.

You visited 1 branch of the dungeon, and saw 1 of its levels.

You collected 5 gold pieces.

Inventory:

Hand Weapons
 a - a +1 dagger
 e - a +0 mace (weapon)
Armour
 b - a +0 robe (worn)
 i - a +0 ring mail
Scrolls
 h - a scroll of teleportation {unknown}
Potions
 g - a potion of flight {unknown}
Books
 c - a book of Maledictions

   Spells                             Type                      Level
   a - Corona                         Hexes                        1
   b - Ensorcelled Hibernation        Hexes/Ice                    2
   c - Confuse                        Hexes                        3
   d - Tukima's Dance                 Hexes                        3
   e - Dazzling Spray                 Conjuration/Hexes            3
Comestibles
 d - a bread ration
 f - 4 chunks of flesh


   Skills:
 + Level 0.8 Short Blades
 + Level 0.1 Maces & Flails
 + Level 1.8 Dodging
 + Level 2.2 Stealth
 + Level 2.5 Spellcasting
 + Level 3.0 Hexes


You had 5 spell levels left.
You knew the following spells:

 Your Spells              Type           Power        Failure   Level  Hunger
a - Corona                Hex            ##.....      5%          1    #......


Dungeon Overview and Level Annotations

Branches:
Dungeon (1/15)

Altars:


Innate Abilities, Weirdness & Mutations

You are too large for most types of armour.
You have tough skin. (AC +1)


Message History

a mace; a goblin corpse You butcher the goblin corpse.
f - 4 chunks of flesh (gained 3)
Things that are here:
a mace; a goblin skeleton
Things that are here:
a club; a kobold corpse
Found a dagger.
Found a ring mail.
You see here a ring mail.
i - a ring mail A hobgoblin comes into view.
The hobgoblin shouts!
The hobgoblin closely misses you.
You barely miss the hobgoblin. The hobgoblin hits you.
* * * LOW HITPOINT WARNING * * *
You hit the hobgoblin but do no damage.
The hobgoblin hits you but does no damage.
The hobgoblin hits you.
You die...

#.....#..........#.
######...########. . #
##.## # #.# # #.#
#######.# ........#
####################.#
#####...........@g...#
......#.##############
รท#..###..# .........#
#.###.#..# .........#
#.###.#..# #.#)#.#..#
#.###.#..#


You could see a hobgoblin.

Vanquished Creatures
  A dart slug (D:1)
  3 goblins (D:1)
  4 kobolds (D:1)
  A rat (D:1)
9 creatures vanquished.

Notes
Turn   | Place    | Note
-------+----------+-------------------------------------------
     0 | D:1      | slep the Ogre Enchanter began the quest for the Orb.
     0 | D:1      | Reached XP level 1. HP: 16/16 MP: 3/3
   157 | D:1      | Reached skill level 3 in Hexes
   157 | D:1      | Reached XP level 2. HP: 4/24 MP: 5/5
   492 | D:1      | Slain by a hobgoblin

Vault maps used:
D:1:      dpeg_arrival_houses_and_road, minmay_surrounded

Skill      XL: |  1 |
---------------+----+-----
Hexes          | 3 |  3.0
Short Blades   | |  0.8
Maces & Flails | |  0.1
Dodging        | |  1.8
Stealth        | |  2.2
Spellcasting   | |  2.5

Action                   || total
-------------------------++-------
Melee: Mace              ||    31
       Dagger            ||    10
 Stab: Sleeping          ||     1
Armor: Robe              ||    18
Dodge: Dodged            ||    19

Table legend:
 A = Spawn XP
 B = Non-spawn XP
 C = Spawn XP percentage of total XP
 D = Spawn monster count
 E = Non-spawn monster count
 F = Spawn count percentage of total count
 G = Total turns spent on level
                    A         B        C        D         E        F      G
               +---------+---------+-------+---------+---------+-------+---------
         Total |       0 |      16 |   0.0 |       0 |       9 |   0.0 |   492
               +---------+---------+-------+---------+---------+-------+---------
           D:1 |       0 |      16 |   0.0 |       0 |       9 |   0.0 |   492
               +---------+---------+-------+---------+---------+-------+---------
